 Dungeon Sprint DCSS version 0.20-a0-556-g892c87b (webtiles) character file.

0 dvd the Cudgeler (level 2, -5/31 HPs)
             Began as a Troll Berserker on Feb 4, 2017.
             Was a Follower of Trog.
             Slain by an iron imp (7 damage)
             ... in the Dungeon (Sprint VI: "Thunderdome").
             The game lasted 00:00:50 (42 turns).

dvd the Cudgeler (Troll Berserker)                    Turns: 42, Time: 00:00:50

Health: -5/31      AC:  5    Str: 24    XL:     2   Next: 20%
Magic:  1/1        EV: 10    Int:  3    God:    Trog [*.....]
Gold:   65         SH:  0    Dex:  9    Spells: 1/1 levels left

rFire    . . .     SeeInvis .   a - +0 mace
rCold    . . .     Gourm    +   b - +0 animal skin
rNeg     . . .     Faith    .   (no shield)
rPois    .         Spirit   .   (helmet restricted)
rElec    .         Reflect  .   (no cloak)
rCorr    .         Harm     .   (gloves unavailable)
MR       .....     NoTele   +   (boots unavailable)
Stlth    +.........             (no amulet)
Regen    0.5/turn               (no ring)
                                (no ring)

@: exhausted, slowed, lost intelligence, very slow
A: unfitting armour, claws 3, fast metabolism 3, gourmand, regeneration 1,
shaggy fur 1, tough skin 2
a: Berserk, Burn Spellbooks, Renounce Religion


You were in the Dungeon.
You worshipped Trog.
Trog was aware of your devotion.
You were not hungry.

You visited 1 branch You collected 200 gold pieces.
You spent 135 gold pieces at shops.

Inventory:

Hand Weapons
 a - a +0 mace (weapon)
Armour
 b - a +0 animal skin (worn)
Jewellery
 n - the ring "Feynnuo" {rCorr +Inv rF- rC+ rN+, unknown}
   (You bought it in a shop in the Dungeon)

   [ring of resist corrosion]

   It makes you vulnerable to fire.
   It protects you from cold.
   It protects you from negative energy.
   It lets you turn invisible.
 o - the ring of Eneupoer {*Contam rPois MR+ Str+4, unknown}
   (You bought it in a shop in the Dungeon)

   [ring of protection from magic]

   It affects your strength (+4).
   It protects you from poison.
   It affects your resistance to hostile enchantments.
   It causes magical contamination when unequipped.
 p - the amulet "Morixtin" {Spirit Str+2 Int-5 Dex+4}
   (You bought it in a shop in the Dungeon)

   [amulet of guardian spirit]

   It causes incoming damage to be split between your health and magic.
   It affects your strength (+2).
   It affects your intelligence (-5).
   It affects your dexterity (+4).
Wands
 j - a wand of acid (5/15)
 k - a wand of iceblast (5/15)
Scrolls
 i - 4 scrolls of blinking
 l - 3 scrolls of fog
Potions
 d - a potion of curing
 e - 4 potions of heal wounds
 f - 4 potions of haste
 g - 2 potions of magic
 h - a potion of berserk rage
 m - a potion of resistance
Comestibles
 c - 2 bread rations


   Skills:
 + Level 3.3 Fighting
 + Level 3.5 Maces & Flails
 + Level 3.2 Dodging


You had one spell level left.
You didn't know any spells.

Dungeon Overview and Level Annotations

Branches:
Dungeon (1/1)

Altars:
Fedhas
Kikubaaqudgha
Qazlal
Ru
Trog
Zin

Shops:
D *[%?


Innate Abilities, Weirdness & Mutations

You are too large for most types of armour.
You have claws for hands.
Your metabolism is lightning-fast.
You like to eat raw meat.
Your natural rate of healing is unusually fast.
You are covered in fur. (AC +1)
You have very tough skin. (AC +2)


Message History

The iron imp is moderately wounded.
The iron imp hits you. The crimson imp hits you.
The iron imp closely misses you.
The crimson imp blinks!
Okay, then.
Unknown command.
You hit the iron imp but do no damage.
The iron imp is moderately wounded.
The iron imp hits you!
* * * LOW HITPOINT WARNING * * *
The crimson imp blinks!
Unknown command.
You closely miss the crimson imp. The iron imp hits you.
* * * LOW HITPOINT WARNING * * *
The crimson imp blinks!
The iron imp hits you!
* * * LOW HITPOINT WARNING * * *
Unknown command.
You hit the iron imp but do no damage.
The iron imp is moderately wounded.
The iron imp hits you!
You die...

#........ #_.......
###.........#
#§........ ..
######.8...... ..8
##∩__.......# ...
###∩@5......8.# .8..
##.............###....
#⌠..........###...#
#⌠.5........# #.<.#
#⌠..........# #...#
##.............###..
###∩........8. .8..
##∩___......# ...
######.8.... ..8


You could see an iron imp and a crimson imp.

Vanquished Creatures
  A white imp (D)
  An ufetubus (D)
2 creatures vanquished.

Notes
Turn   | Place    | Note
-------+----------+-------------------------------------------
     0 | D        | dvd the Troll Berserker began the quest for the Orb.
     0 | D        | Reached XP level 1. HP: 22/22 MP: 0/0
     1 | D        | Found a bloodstained altar of Trog.
     2 | D        | Found a glowing silver altar of Zin.
     3 | D        | Found an ancient bone altar of Kikubaaqudgha.
     3 | D        | Found a blossoming altar of Fedhas.
     4 | D        | Found Keita's Bee Food.
     4 | D        | Found a sacrificial altar of Ru.
     4 | D        | Found a stormy altar of Qazlal.
     4 | D        | Found Qegayh's Identification Station.
     5 | D        | Found Nippos's Jewellery.
     5 | D        | Found Tuciolak's Advanced Armour.
     5 | D        | Round 1.
     8 | D        | Noticed a crimson imp
    16 | D        | Reached ** piety under Trog
    16 | D        | Reached XP level 2. HP: 3/31 MP: 1/1
    29 | D        | Bought a brightly glowing bronze ring for 45 gold pieces
    29 | D        | Bought a clouded marble ring for 45 gold pieces
    29 | D        | Bought a sparkling steel amulet for 45 gold pieces
    29 | D        | Lost intelligence.
    29 | D        | Identified the amulet "Morixtin" {Spirit Str+2 Int-5 Dex+4} (You bought it in a shop in the Dungeon)
    41 | D        | HP: 1/31 [iron imp (7)]
    42 | D        | Slain by an iron imp

Vault maps used:
D:        arena_sprint

Skill      XL: |  1 |
---------------+----+-----
Fighting       | 3 |  3.3
Maces & Flails | 3 |  3.5
Dodging        | 3 |  3.2

Action                   || total
-------------------------++-------
Melee: Mace              ||    17
Invok: Berserk           ||     1
       Trog's Hand       ||     1
Armor: Animal skin       ||     9
Dodge: Dodged            ||    10
